 Dungeon Crawl Stone Soup version 0.31-a0-618-g7ca08c1ff9 (webtiles) character file.

Game seed: 8440080329832741863

1985 Pooter the Cleaver (level 9, -3/74 (79) HPs)
             Began as a Minotaur Berserker on Aug 22, 2023.
             Was a Priest of Trog.
             Shot with an arrow by a centaur (13 damage)
             ... on level 7 of the Dungeon.
             The game lasted 00:28:27 (6474 turns).

Pooter the Cleaver (Minotaur Berserker)             Turns: 6474, Time: 00:28:28

HP:   -3/74 (79)    AC: 13    Str: 31    XL:     9   Next: 1%
MP:   8/8           EV:  9    Int:  6    God:    Trog [***...]
Gold: 187           SH:  4    Dex: 16    Spells: 8/8 levels left

rFire   . . .        a - +1 war axe (freeze)
rCold   x . .        k - +0 buckler
rNeg    . . .        B - +3 chain mail of Redeuck {Harm rC- Str+5 Int+2}
rPois   .            C - +2 hat {SInv}
rElec   .            (no cloak)
rCorr   .            (no gloves)
SInv    +            (no boots)
Will    .....        (no amulet) Stlth
                     e - +4 ring of slaying
HPRegen 0.32/turn    p - +6 ring of dexterity
MPRegen 0.11/turn

%: harm (+30% outgoing, +20% incoming)
@: about to teleport, on berserk cooldown, slowed, drained, invisible, very slow
A: horns 2, retaliatory headbutt
a: Renounce Religion, Berserk, Trog's Hand


You were on level 7 of the Dungeon.
You worshipped Trog.
Trog was most pleased with you.
You visited 1 branch of the dungeon, and saw 7 of its levels.

You collected 460 gold pieces.
You spent 273 gold pieces at shops.

Inventory:

Hand Weapons
 a - a +1 war axe of freezing (weapon)
   (You found it on level 6 of the Dungeon)
 b - a +0 sling
   (You found it on level 1 of the Dungeon)
 y - a +0 halberd
   (You took it off a gnoll on level 4 of the Dungeon)
 E - the +5 falchion of Irritation {venom, rF+ rC+ Str+4}
   (You found it on level 5 of the Dungeon)

   Str+4:     It affects your strength (+4).
   rF+:       It protects you from fire.
   rC+:       It protects you from cold.
 K - the +6 rapier of the Madman {drain, SInv Stlth+}
   (You found it on level 7 of the Dungeon)

   SInv:      It lets you see invisible.
   Stlth+:    It makes you more stealthy.
Missiles
 m - a throwing net {!f}
 A - 17 poisoned darts (quivered)
 Q - 60 stones
Armour
 k - a +0 buckler (worn)
   (You found it on level 2 of the Dungeon)
 w - a +2 scale mail of fire resistance
   (You found it on level 4 of the Dungeon)
 B - the +3 chain mail of Redeuck (worn) {Harm rC- Str+5 Int+2}
   (You found it on level 5 of the Dungeon)

   Str+5:     It affects your strength (+5).
   Int+2:     It affects your intelligence (+2).
   rC-:       It makes you vulnerable to cold.
   Harm:      It increases damage dealt and taken.
 C - a +2 hat of see invisible (worn)
   (You bought it in a shop on level 1 of the Dungeon)
 F - a +0 plate armour
   (You found it on level 6 of the Dungeon)
Jewellery
 e - a +4 ring of slaying (left hand)
   (You found it on level 1 of the Dungeon)
 p - a +6 ring of dexterity (right hand)
   (You found it on level 3 of the Dungeon)
 z - a ring of flight
   (You found it on level 3 of the Dungeon)
Wands
 u - a wand of paralysis (2)
   (You found it on level 2 of the Dungeon)
 H - a wand of mindburst (12)
   (You found it on level 6 of the Dungeon)
Scrolls
 i - a scroll of immolation {unknown}
 o - 2 scrolls of noise {!r}
 t - 4 scrolls of teleportation {@r4}
 D - a scroll of enchant armour
 J - 3 scrolls of blinking {unknown}
Potions
 c - a potion of attraction {unknown}
 d - 2 potions of mutation {!q}
 f - 3 potions of curing {@q1}
 g - a potion of haste {unknown}
 h - 2 potions of degeneration {unknown}
 l - 2 potions of might {unknown}
 n - 2 potions of invisibility
 q - a potion of brilliance {unknown}
 r - a potion of resistance {unknown}
 v - a potion of ambrosia {unknown}
 x - 2 potions of enlightenment {unknown}
 I - a potion of lignification {unknown}


   Skills:
 + Level 7.2 Fighting
 * Level 9.6 Axes
 * Level 8.0 Ranged Weapons
 - Level 2.4 Armour
 - Level 2.1 Dodging


You had 8 spell levels left.
You didn't know any spells.
Your spell library was empty.

Dungeon Overview and Level Annotations

Branches:
Dungeon (7/15) Zot: 26459  Temple (0/1) D:6

Altars:
Ashenzari
Kikubaaqudgha
Nemelex Xobeh
Qazlal
Ru
Sif Muna
Vehumet
The Shining One

Shops:
D:1 [

Annotations:
D:7 Jeremiah


Innate Abilities, Weirdness & Mutations

You have a pair of horns on your head.
You reflexively headbutt those who attack you in melee.


Message History

The centaur hits you. The centaur closely misses you.
The orc wizard gestures at you while chanting.
You are confused.
Jeremiah lets out a twisted cry.
Something smites you! The komodo dragon bites you!
* * * LOW HITPOINT WARNING * * *
The centaur hits you.
* * * LOW HITPOINT WARNING * * *
The centaur kicks you but does no damage.
You have reached level 9!
Your experience leads to an increase in your attributes!
Your base attributes are Str 24, Int 4, Dex 10.
Increase (s)trength, (i)ntelligence, or (d)exterity?
You feel stronger. x2
You feel better. The centaur hits you.
* * * LOW HITPOINT WARNING * * *
The centaur kicks you but does no damage.
Jeremiah hits you but does no damage.
You feel drained. You block the komodo dragon's attack.
The centaur barely misses you. x2
Jeremiah hits you from afar with a +2 trident of draining.
* * * LOW HITPOINT WARNING * * *
You feel drained.
* * * LOW HITPOINT WARNING * * *
The komodo dragon bites you.
* * * LOW HITPOINT WARNING * * *
You fade into invisibility!
The centaur closely misses you. The centaur barely misses you.
A manticore comes into view.
Jeremiah hits you from afar with a +2 trident of draining.
* * * LOW HITPOINT WARNING * * *
You feel drained.
* * * LOW HITPOINT WARNING * * *
You block the komodo dragon's attack.
As you read the scroll of fear, it crumbles to dust.
You assume a fearsome visage.
The komodo dragon looks frightened!
The orc wizard looks frightened!
The two-headed ogre looks frightened!
The butterfly looks frightened!
The centaur looks frightened!
The manticore looks frightened!
Jeremiah looks frightened!
The butterfly looks frightened! x5
Jeremiah attempts to regain their composure.
As you read the scroll of teleportation {@r4}, it crumbles to dust.
You feel strangely unstable.
The two-headed ogre shouts in stereo!
Jeremiah shouts!
Cornered, the butterfly turns to fight!
The two-headed ogre hits you with a +0 giant spiked club!
* * * LOW HITPOINT WARNING * * *
The two-headed ogre hits you but does no damage.
The centaur wields a +0 shortbow.
The centaur shoots an arrow.
The arrow hits you!
You die...

..##....#
..#####.#####'## ..#
#.##.b...b ## ..#
##.#.#.....#.#
..###...#..#.bb#bb#
........#...#b#.Fl###
#...##..'....#bcbbb.
.....##.#...#.#b.O#
........#..#..)#@.#
........#.#.....#.#
......#.##.....o.##
........#####'#########
.......................
#.#.......#..##.......#
#####.....#.....#######
###.......#.....#
.##..........##.#


You could see a two-headed ogre (unable to see you), Jeremiah (unable to see
you), a komodo dragon (unable to see you, fleeing), a centaur (unable to see
you) and an orc wizard (unable to see you, fleeing).

Vanquished Creatures
  A deep elf pyromancer (D:7)
  A water moccasin (D:6)
  Duvessa (D:6)
  2 sky beasts (D:6)
  A black bear (D:6)
  A kobold brigand (D:7)
  A bullfrog (D:6)
  2 scorpions
  Dowan (D:6)
  2 howler monkeys
  3 hounds
  A jelly (D:6)
  A sleepcap (D:4)
  4 iguanas
  6 orc wizards
  11 gnolls
  8 adders
  A shadow imp (D:6)
  2 white imps
  2 ufetubi
  2 worms (D:4)
  7 dart slugs
  10 orcs
  12 bats
  14 endoplasms
  A giant cockroach (D:1)
  4 goblins
  5 hobgoblins
  3 jackals (D:2)
  4 quokkas
  4 ball pythons
  5 frilled lizards
  16 kobolds
  7 rats
146 creatures vanquished.

Notes
Turn   | Place    | Note
-------+----------+-------------------------------------------
     0 | D:1      | Pooter the Minotaur Berserker began the quest for the Orb.
     0 | D:1      | Reached XP level 1. HP: 19/19 MP: 0/0
   293 | D:1      | Reached skill level 1 in Ranged Weapons
   326 | D:1      | Reached XP level 2. HP: 27/27 MP: 1/1
   329 | D:1      | Reached skill level 4 in Axes
   422 | D:1      | Found a faded altar of an unknown god.
   635 | D:1      | Found Hariuk's Armour Shop.
   676 | D:1      | Reached XP level 3. HP: 33/33 MP: 2/2
   873 | D:1      | Reached ** piety under Trog
  1452 | D:2      | Reached XP level 4. HP: 40/40 MP: 3/3
  1936 | D:3      | Found a broken altar of Ashenzari.
  2406 | D:3      | Noticed a scorpion
  2413 | D:3      | Killed a scorpion
  2414 | D:3      | Reached skill level 5 in Axes
  2414 | D:3      | Reached XP level 5. HP: 47/47 MP: 4/4
  2646 | D:3      | Reached *** piety under Trog
  3288 | D:4      | Reached XP level 6. HP: 55/55 MP: 5/5
  3297 | D:4      | Reached skill level 6 in Axes
  3300 | D:4      | Reached skill level 5 in Fighting
  3493 | D:4      | Found a glowing golden altar of the Shining One.
  4027 | D:5      | Entered Level 5 of the Dungeon
  4031 | D:5      | Identified the +3 chain mail of Redeuck {Harm rC- Str+5
                  | Int+2}
  4203 | D:1      | Bought a +2 hat of see invisible for 273 gold pieces
  4508 | D:5      | Reached XP level 7. HP: 61/61 MP: 6/6
  4611 | D:5      | Reached skill level 5 in Ranged Weapons
  4700 | D:5      | Identified the +5 falchion of Irritation {venom, rF+ rC+
                  | Str+4}
  4897 | D:6      | Reached skill level 7 in Axes
  4967 | D:6      | Found a staircase to the Ecumenical Temple.
  4995 | D:6      | Reached **** piety under Trog
  5359 | D:6      | Found a sparkling altar of Nemelex Xobeh.
  5360 | D:6      | Found a stormy altar of Qazlal.
  5361 | D:6      | Found a radiant altar of Vehumet.
  5363 | D:6      | Found a sacrificial altar of Ru.
  5365 | D:6      | Found an ancient bone altar of Kikubaaqudgha.
  5547 | D:6      | Noticed Duvessa
  5547 | D:6      | Noticed Dowan
  5561 | D:6      | Killed Dowan
  5570 | D:6      | Killed Duvessa
  5571 | D:6      | Reached skill level 8 in Axes
  5571 | D:6      | Reached XP level 8. HP: 32/70 MP: 7/7
  5902 | D:6      | Found a shimmering blue altar of Sif Muna.
  5970 | D:7      | Identified the +6 rapier of the Madman {drain, SInv Stlth+}
  6081 | D:7      | Reached skill level 9 in Axes
  6213 | D:7      | Noticed Jeremiah
  6460 | D:7      | Noticed a deep elf pyromancer
  6464 | D:7      | Noticed a komodo dragon
  6467 | D:7      | Killed a deep elf pyromancer
  6468 | D:7      | Noticed a two-headed ogre
  6471 | D:7      | Reached XP level 9. HP: 37/79 MP: 8/8
  6472 | D:7      | Noticed a manticore
  6474 | D:7      | Shot with an arrow by a centaur

Illustrated notes

Levels and vault maps discovered:
D:1:      erik_arrival_cave_to_civilisation [erik_arrival_cave_to_hall],
          layout_basic, nicolae_ecumenical_lake_church, serial_shops, shop
D:2:      layout_loops_corners, st_stairs_10
D:3:      layout_basic, nicolae_ashenzari_panopticon,
          chequers_serial_rivers_micro_a
D:4:      layout_loops_ring, tso_metal_star
D:5:      layout_loops_cross, grunt_decor_mini_mirrors
D:6:      layout_loops_corners, lemuel_blue_sif_altar, minitemple,
          temple_statues, uniq_duvessa
D:7:      layout_cave_pools, trog_hazing_becter, minmay_the_grid_2x2
          [minmay_the_grid_holed_spiral, minmay_the_grid_armoury,
          minmay_the_grid_x, minmay_the_grid_prize_trominoes], uniq_jeremiah

Skill      XL: |  1  2  3  4  5  6  7  8 |
---------------+-------------------------+-----
Ranged Weapons | 1 2 3 4 6 8 |  8.0
Axes           | 4 5 6 8 9 |  9.6
Fighting       | 4 5 6 7 |  7.2
Armour         | |  2.4
Dodging        | |  2.1

Action                     |  1- 3 |  4- 6 |  7- 9 || total
---------------------------+-------+-------+-------++-------
  Melee: Hand axe          |    33 |    50 |    46 ||   129
         Headbutt          |     3 |     7 |     7 ||    17
         War axe           |       |       |     2 ||     2
   Fire: Sling             |    59 |   104 |    48 ||   211
  Throw: Dart              |       |       |     7 ||     7
 Invoke: Berserk           |       |     2 |     2 ||     4
         Trog's Hand       |       |     2 |     5 ||     7
  Evoke: Wand              |       |       |     3 ||     3
    Use: Scroll            |     3 |     6 |     7 ||    16
         Potion            |       |       |     2 ||     2
 Armour: Chain mail        |    28 |    17 |    32 ||    77
         Animal skin       |     1 |       |       ||     1
         Scale mail        |       |     5 |       ||     5
  Dodge: Dodged            |    18 |    41 |    22 ||    81
  Block: Buckler           |       |     7 |    11 ||    18

Table legend: (Time is in decaauts)
 A = Elapsed time spent in this place.
 B = Non-inter-level travel time spent in this place.
 C = Inter-level travel time spent in this place.
 D = Time resting spent in this place.
 E = Time spent auto-exploring this place.
 F = Levels seen in this place.
 G = Mean time per level.
                   A        B        C        D        E       F      G
               +--------+--------+--------+--------+--------+-----+--------+
         Total |   6590 |   6134 |    456 |    557 |   4444 |   7 |  941.4 |
       Dungeon |   6590 |   6134 |    456 |    557 |   4444 |   7 |  941.4 |
               +--------+--------+--------+--------+--------+-----+--------+

Top non-repeatable levels by time:
     D:3: 1193 daAuts
     D:6: 1158 daAuts
     D:1: 1136 daAuts
     D:2: 1008 daAuts
     D:4: 973 daAuts
     D:5: 622 daAuts
     D:7: 497 daAuts
